 Dungeon Crawl Stone Soup version 0.30-a0-459-g9104f0fc43 (webtiles) character file.

Game seed: 18392038001570350706

53 kingaves the Trooper (level 4, 0/52 HPs)
             Began as a Human Berserker on Dec 15, 2022.
             Was a Follower of Trog.
             Slain by a jackal (3 damage)
             ... on level 2 of the Dungeon.
             The game lasted 00:14:00 (1072 turns).

kingaves the Trooper (Human Berserker)              Turns: 1072, Time: 00:14:02

Health: 0/52       AC:  3    Str: 19    XL:     4   Next: 10%
Magic:  4/4        EV: 12    Int:  7    God:    Trog [*.....]
Gold:   68         SH:  0    Dex: 13    Spells: 3/3 levels left

rFire   . . .      SeeInvis .    h - +0 mace (vorpal)
rCold   . . .      Faith    .    (no shield)
rNeg    . . .      Spirit   .    j - +0 robe
rPois   .          Reflect  .    i - +0 helmet
rElec   .          Harm     .    (no cloak)
rCorr   .          Rampage  .    (no gloves)
Will    .....                    (no boots)
Stlth   ..........               (no amulet)
HPRegen 0.28/turn                (no ring)
MPRegen 0.09/turn                (no ring)

@: berserking, very quick
A: no striking features
a: Renounce Religion, Berserk


You were on level 2 of the Dungeon.
You worshipped Trog.
Trog was aware of your devotion.
You visited 1 branch of the dungeon, and saw 2 of its levels.

You collected 68 gold pieces.

Inventory:

Hand Weapons
 a - a +0 spear
 h - a +0 vorpal mace (weapon)
Missiles
 g - 2 throwing nets (quivered)
Armour
 b - a +0 animal skin
 i - a +0 helmet (worn)
 j - a +0 robe (worn)
Jewellery
 f - a ring of fire
Scrolls
 c - a scroll of amnesia {unknown}
 d - 2 scrolls of identify {unknown}
 k - a scroll of enchant weapon {unknown}
Potions
 e - 2 potions of curing
 l - 2 potions of might {unknown}


   Skills:
 + Level 3.5 Fighting
 + Level 3.5 Polearms
 + Level 2.2 Armour
 + Level 2.6 Dodging
 + Level 0.3 Stealth


You had 3 spell levels left.
You didn't know any spells.
Your spell library was empty.

Dungeon Overview and Level Annotations

Branches:
Dungeon (2/15)

Altars:


Message History

The jackal bites you but does no damage. x2
The gnoll hits you from afar with a +0 spear.
* * * LOW HITPOINT WARNING * * *
You feel better. The jackal barely misses you.
The jackal bites you but does no damage.
The jackal bites you. x2; The gnoll closely misses you.
The jackal bites you but does no damage.
You barely miss the jackal.
The jackal is moderately wounded.
The jackal barely misses you. The jackal misses you.
The jackal barely misses you. The gnoll closely misses you.
The jackal barely misses you.
The jackal bites you but does no damage.
A red film seems to cover your vision as you go berserk!
You feel yourself moving faster!
You feel mighty! The jackal bites you.
The jackal bites you but does no damage.
The jackal barely misses you.
The gnoll hits you from afar with a +0 spear.
The jackal closely misses you.
The jackal bites you but does no damage.
You barely miss the jackal.
The jackal is moderately wounded.
The jackal bites you. The jackal barely misses you.
The gnoll hits you from afar with a +0 spear.
* * * LOW HITPOINT WARNING * * *
The jackal bites you.
* * * LOW HITPOINT WARNING * * *
You completely miss the jackal.
The jackal is moderately wounded.
The jackal closely misses you. The jackal barely misses you. x2
The gnoll hits you from afar with a +0 spear.
* * * LOW HITPOINT WARNING * * *
You closely miss the jackal.
The jackal is moderately wounded.
The jackal bites you.
* * * LOW HITPOINT WARNING * * *
The jackal bites you.
* * * LOW HITPOINT WARNING * * *
The jackal bites you.
You die...

#.#.....#
#.#.#####
#.#.#
#.#.####
#......#
##.###.# #.#
#.# ..# #.#
.### #@#
..#...hhhg?.#
..
+....Kgg..#
...
#.........#
#.........#
#.........#
.......>..#
#....#####.#


You could see 3 gnolls, 3 jackals and a kobold.

Vanquished Creatures
  A hound (D:2)
  2 dart slugs (D:1)
  A bat (D:1)
  An endoplasm (D:1)
  A giant cockroach (D:1)
  3 goblins
  3 hobgoblins
  2 ball pythons (D:1)
  4 frilled lizards (D:1)
  2 rats (D:1)
  A spectral kobold (D:1)
21 creatures vanquished.

Notes
Turn   | Place    | Note
-------+----------+-------------------------------------------
     0 | D:1      | kingaves the Human Berserker began the quest for the Orb.
     0 | D:1      | Reached XP level 1. HP: 18/18 MP: 1/1
   193 | D:1      | Reached XP level 2. HP: 17/24 MP: 2/2
   477 | D:1      | Found a faded altar of an unknown god.
   510 | D:1      | Reached XP level 3. HP: 27/27 MP: 3/3
   993 | D:2      | Reached XP level 4. HP: 23/35 MP: 4/4
  1072 | D:2      | Slain by a jackal

Illustrated notes

Levels and vault maps discovered:
D:1:      giann_bridges, layout_loops_ring,
          dreamdust_ecumenical_altar_drowned_temple, minmay_door_square
D:2:      kennysheep_six_static_rooms, layout_basic, serial_park_tiny_2,
          kennysheep_crisscross

Action                   |  1- 3 |  4- 6 || total
-------------------------+-------+-------++-------
Melee: Spear             |    71 |       ||    71
       Punch             |     2 |       ||     2
       Mace              |    23 |    14 ||    37
Invok: Berserk           |       |     1 ||     1
  Use: Potion            |       |     3 ||     3
Armor: Animal skin       |    19 |       ||    19
       Robe              |     1 |    15 ||    16
Dodge: Dodged            |    60 |    37 ||    97

Table legend: (Time is in decaauts)
 A = Elapsed time spent in this place.
 B = Non-inter-level travel time spent in this place.
 C = Inter-level travel time spent in this place.
 D = Time resting spent in this place.
 E = Time spent auto-exploring this place.
 F = Levels seen in this place.
 G = Mean time per level.
                   A        B        C        D        E       F      G
               +--------+--------+--------+--------+--------+-----+--------+
         Total |   1112 |   1091 |     21 |      0 |     28 |   2 |  556.0 |
       Dungeon |   1112 |   1091 |     21 |      0 |     28 |   2 |  556.0 |
               +--------+--------+--------+--------+--------+-----+--------+

Top non-repeatable levels by time:
     D:1: 963 daAuts
     D:2: 149 daAuts
